 Dungeon Crawl Stone Soup version 0.27-a0-1319-geec4fb4e21 (webtiles) character file.

Game seed: 1235019749455121362

29 incorrectman1 the Shield-Bearer (level 3, -1/29 HPs)
             Began as a Formicid Fighter on June 22, 2021.
             Was a Follower of Elyvilon.
             Killed from afar by Sigmund (6 damage)
             ... with a magic dart
             ... on level 2 of the Dungeon.
             The game lasted 00:02:24 (1202 turns).

incorrectman1 the Shield-Bearer (Formicid Fighter)  Turns: 1202, Time: 00:02:25

Health: -1/29      AC:  8    Str: 21    XL:     3   Next: 32%
Magic:  3/3        EV:  8    Int:  7    God:    Elyvilon [*.....]
Gold:   29         SH:  9    Dex: 10    Spells: 2/2 levels left

rFire    . . .     SeeInvis +   g - staff of poison
rCold    . . .     Faith    .   c - +0 kite shield
rNeg     . . .     Spirit   .   b - +0 scale mail
rPois    +         Reflect  .   (helmet unavailable)
rElec    .         Harm     .   (no cloak)
rCorr    .         Rampage  .   e - +0 pair of gloves
Will     .....                  (no boots)
Stlth    ..........             (no amulet)
HPRegen  0.09/turn              m - ring of flight
MPRegen  0.08/turn              (no ring)

@: flying
A: permanent stasis, dig shafts and tunnels, antennae 3, four strong arms
a: Dig, Shaft Self, Renounce Religion, Lesser Healing, Divine Protection


You were on level 2 of the Dungeon.
You worshipped Elyvilon.
Elyvilon was aware of your devotion.
You visited 1 branch of the dungeon, and saw 2 of its levels.

You collected 29 gold pieces.

Inventory:

Hand Weapons
 a - a +0 long sword
Missiles
 f - 42 stones
Armour
 b - a +0 scale mail (worn)
 c - a +0 kite shield (worn)
 e - a +0 pair of gloves (worn)
Magical Staves
 g - a staff of poison (weapon)
Jewellery
 m - a ring of flight (left hand)
Scrolls
 h - 2 scrolls of identify {unknown}
 i - a scroll of teleportation {unknown}
 j - a scroll of amnesia {unknown}
 l - a scroll of noise {unknown}
Potions
 d - a potion of might
 k - a potion of haste {unknown}


   Skills:
 + Level 3.4 Fighting
 - Level 2.2 Long Blades
 * Level 0.9 Staves
 + Level 3.7 Armour
 + Level 0.1 Dodging
 + Level 4.1 Shields


You had 2 spell levels left.
You didn't know any spells.
Your spell library was empty.

Dungeon Overview and Level Annotations

Branches:
Dungeon (2/15)

Altars:
Elyvilon

Annotations:
D:2 Sigmund


Innate Abilities, Weirdness & Mutations

You cannot be hasted, slowed, berserked, paralysed or teleported.
You can dig through walls and to a lower floor.
You have a pair of large antennae on your head. (SInv)
Your four strong arms can wield two-handed weapons with a shield.


Message History

You hit the ball python.
You kill the ball python!
You block Sigmund's attack. You block the giant cockroach's attack.
You hit the giant cockroach.
The giant cockroach is moderately wounded.
Sigmund gestures wildly while chanting.
Sigmund flickers and vanishes for a moment.
You block the giant cockroach's attack.
Sigmund's eyes start glowing with a red light.
Sigmund barely misses you.
The giant cockroach bites you but does no damage.
You hit the giant cockroach.
You kill the giant cockroach!
Sigmund barely misses you. Sigmund hits you with a +0 scythe.
* * * LOW HITPOINT WARNING * * *
You hit Sigmund.
Sigmund is heavily wounded.
You block Sigmund's attack.
You barely miss Sigmund.
Sigmund is heavily wounded.
Sigmund hits you with a +0 scythe.
* * * LOW HITPOINT WARNING * * *
Sigmund hits you but does no damage.
You hit Sigmund but do no damage.
Sigmund is heavily wounded.
Sigmund casts a spell at you.
You are confused.
You bump into the rock wall.
Sigmund hits you but does no damage.
You bump into the rock wall.
Sigmund closely misses you.
You bump into the rock wall.
Sigmund closely misses you. Sigmund barely misses you.
Sigmund barely misses you.
You feel less confused. You block Sigmund's attack.
You hit Sigmund.
Sigmund is heavily wounded.
Sigmund casts a spell at you. The magic dart hits you.
You die...

.. .. #
.## .###.
...
.....##.##
#.......
#.....@###
#......@.#
#..###.###
#.# #..#
#...#
#$#...
#..####
##. .


You could see Sigmund (invisible).

Vanquished Creatures
  A gnoll (D:1)
  4 ball pythons
  2 giant cockroaches
  3 hobgoblins (D:1)
  2 kobolds (D:1)
  A quokka (D:1)
  2 bats (D:1)
  A goblin (D:1)
  3 rats (D:1)
19 creatures vanquished.

Vanquished Creatures (others)
  A plant (D:1)
1 creature vanquished.

Grand Total: 20 creatures vanquished

Notes
Turn   | Place    | Note
-------+----------+-------------------------------------------
     0 | D:1      | incorrectman1 the Formicid Fighter began the quest for the
                  | Orb.
     0 | D:1      | Reached XP level 1. HP: 18/18 MP: 1/1
   373 | D:1      | Reached XP level 2. HP: 21/24 MP: 2/2
   384 | D:1      | Reached skill level 4 in Shields
   541 | D:1      | Reached XP level 3. HP: 24/29 MP: 3/3
   696 | D:1      | Found a faded altar of an unknown god.
   710 | D:1      | Became a worshipper of Elyvilon the Healer
   710 | D:1      | Reached * piety under Elyvilon
  1175 | D:2      | Noticed Sigmund
  1202 | D:2      | Killed from afar by Sigmund

Illustrated notes

Levels and vault maps discovered:
D:1:      evilmike_arrival_hilbert_curve, layout_loops_ring,
          shapermc_ecumenical_altar_mp_urbaneastern
D:2:      layout_rooms, minmay_fractal_squares_5, uniq_sigmund

Skill      XL: |  1  2 |
---------------+-------+-----
Shields        | 4 |  4.1
Fighting       | |  3.4
Long Blades    | |  2.2
Staves         | |  0.9
Armour         | |  3.7
Dodging        | |  0.1

Action                   || total
-------------------------++-------
Melee: Long sword        ||    13
       Staff             ||    76
 Abil: Dig               ||     4
Armor: Scale mail        ||    51
Dodge: Dodged            ||    38
Block: Kite shield       ||    62
       Rpst.: Long sword ||     2

Table legend: (Time is in decaauts)
 A = Elapsed time spent in this place.
 B = Non-inter-level travel time spent in this place.
 C = Inter-level travel time spent in this place.
 D = Time resting spent in this place.
 E = Time spent auto-exploring this place.
 F = Levels seen in this place.
 G = Mean time per level.
                   A        B        C        D        E       F      G
               +--------+--------+--------+--------+--------+-----+--------+
         Total |   1233 |   1233 |      0 |      0 |    887 |   2 |  616.5 |
       Dungeon |   1233 |   1233 |      0 |      0 |    887 |   2 |  616.5 |
               +--------+--------+--------+--------+--------+-----+--------+

Top non-repeatable levels by time:
     D:1: 1201 daAuts
     D:2: 32 daAuts
